 Dungeon Sprint DCSS version 0.23.1 (webtiles) character file.

Game seed: 1979126201004871221

378580 nuthulu the Minotaur Barricade (level 25, 0/269 HPs)
             Began as a Minotaur Fighter on Mar 14, 2019.
             Was a High Priest of Qazlal.
             Blown up by an ancient lich (125 damage)
             ... with an orb of destruction
             ... in the Dungeon (Sprint VI: "Thunderdome").
             The game lasted 00:41:34 (6524 turns).

nuthulu the Minotaur Barricade (Minotaur Fighter)   Turns: 6524, Time: 00:41:34

Health: 0/269      AC: 52    Str: 46    XL:     25   Next: 2%
Magic:  2/44       EV: 26    Int:  5    God:    Qazlal [*****.]
Gold:   23593      SH: 46    Dex: 15    Spells: 61/61 levels left

rFire    + + +     SeeInvis +   v - +9 broad axe (drain)
rCold    + + +     Gourm    .   H - +4 large shield {rN+}
rNeg     + + .     Faith    .   w - +12 gold dragon scales
rPois    +         Spirit   .   r - +0 hat of Lorphu Donn {Str+3} (curse)
rElec    +         Reflect  +   s - +1 cloak of the Secret Spirits {rN+ MR++}
rCorr    +         Harm     .   u - +1 pair of gloves "Fykadit" {rF+ Str+3}
MR       ++++.     NoTele   +   t - +1 pair of boots of the Dice {rF+ rC+++}
Stlth    +.........             B - amulet of Liatyiv {Reflect Str+7 SH+3}
HPRegen  0.54/turn              p - ring of Jalatrao {rCorr MR+ Str+5 Dex-2}
MPRegen  0.29/turn              q - ring "Tuukk" {-Tele rElec Str+2 SInv Stlth+}

@: protected from electricity, repel missiles
A: retaliatory headbutt, claws 1, hooves 1, horns 2, rugged brown scales 2,
shaggy fur 2, MP-powered wands
}: 8/15 runes: serpentine, barnacled, slimy, silver, golden, obsidian, dark,
mossy
a: Upheaval, Elemental Force, Disaster Area, Renounce Religion


You were in the Dungeon.
You worshipped Qazlal.
Qazlal was extremely pleased with you.
You were not hungry.

You visited 1 branch You collected 35250 gold pieces.
You spent 11657 gold pieces at shops.

Inventory:

Hand Weapons
 a - a +0 war axe
 v - a +9 broad axe of draining (weapon)
Armour
 b - a +0 scale mail
 c - a +0 shield
 r - the cursed +0 hat of Lorphu Donn (worn) {Str+3}
   (You bought it in a shop in the Dungeon)

   It affects your strength (+3).
   It has a curse placed upon it.
 s - the +1 cloak of the Secret Spirits (worn) {rN+ MR++}
   (You bought it in a shop in the Dungeon)

   It protects you from negative energy.
   It affects your resistance to hostile enchantments.
 t - the +1 pair of boots of the Dice (worn) {rF+ rC+++}
   (You found it in the Dungeon)

   It protects you from fire.
   It renders you almost immune to cold.
 u - the +1 pair of gloves "Fykadit" (worn) {rF+ Str+3}
   (You bought it in a shop in the Dungeon)

   It affects your strength (+3).
   It protects you from fire.
 w - +12 gold dragon scales (worn)
 x - the +1 large shield "Vuosy" {+Fly rPois}
   (You bought it in a shop in the Dungeon)

   It protects you from poison.
   It lets you fly.
 y - the +1 shield of Tulips {+Blink rF- Str+6}
   (You bought it in a shop in the Dungeon)

   It affects your strength (+6).
   It makes you vulnerable to fire.
   It lets you blink.
 H - a +4 large shield of positive energy (worn)
Jewellery
 d - the amulet "Niulud" {Acrobat *Drain Str+6}
   (You bought it in a shop in the Dungeon)

   [amulet of the acrobat]

   It helps you evade while moving and waiting.
   It affects your strength (+6).
   It causes draining when unequipped.
 p - the ring of Jalatrao (left hand) {rCorr MR+ Str+5 Dex-2}
   (You bought it in a shop in the Dungeon)

   [ring of resist corrosion]

   It affects your strength (+5).
   It affects your dexterity (-2).
   It affects your resistance to hostile enchantments.
 q - the ring "Tuukk" (right hand) {-Tele rElec Str+2 SInv Stlth+}
   (You bought it in a shop in the Dungeon)

   [ring of see invisible]

   It affects your strength (+2).
   It insulates you from electricity.
   It lets you see invisible.
   It prevents most forms of teleportation.
   It makes you more stealthy.
 A - an uncursed amulet of the gourmand
 B - the amulet of Liatyiv (around neck) {Reflect Str+7 SH+3}
   (You bought it in a shop in the Dungeon)

   [amulet of reflection]

   It shields you and reflects attacks.
   It affects your strength (+7).
   It affects your SH (+3).
 D - an uncursed amulet of rage
 J - the amulet "Gioveck" {Gourm Fragile rElec MR+ SInv}
   (You bought it in a shop in the Dungeon)

   [amulet of the gourmand]

   It allows you to eat raw meat even when not hungry.
   It insulates you from electricity.
   It affects your resistance to hostile enchantments.
   It lets you see invisible.
   It will be destroyed if unequipped.
 K - the amulet "Zaewubykh" {Spirit Str+3 Int+4}
   (You bought it in a shop in the Dungeon)

   [amulet of guardian spirit]

   It causes incoming damage to be split between your health and magic.
   It affects your strength (+3).
   It affects your intelligence (+4).
Wands
 l - a wand of acid (3)
 m - a wand of iceblast (5)
Scrolls
 k - 4 scrolls of blinking
 n - 3 scrolls of fog
 C - 7 scrolls of enchant weapon
Potions
 e - 18 potions of curing
 g - 9 potions of heal wounds
 h - 7 potions of haste
 i - 6 potions of magic
 j - a potion of berserk rage
 o - 6 potions of resistance
 z - 3 potions of mutation
 G - 4 potions of might
 I - 6 potions of agility
 L - a potion of experience
Miscellaneous
 E - a quad damage
 F - a quad damage
Comestibles
 f - 13 rations


   Skills:
 O Level 27 Fighting
 O Level 27 Axes
 + Level 24.5 Throwing
 O Level 27 Armour
 O Level 27 Dodging
 + Level 22.9 Stealth
 O Level 27 Shields
 O Level 27 Unarmed Combat
 + Level 18.6 Spellcasting
 O Level 27 Invocations
 + Level 23.1 Evocations


You had 61 spell levels left.
You didn't know any spells.
Your spell library was empty.

Dungeon Overview and Level Annotations

Branches:
Dungeon (1/1)

Altars:
Cheibriados
Dithmenos
Fedhas
Gozag
Kikubaaqudgha
Makhleb
Okawaru
Qazlal
Ru
Sif Muna
Trog
Uskayaw
Vehumet
Wu Jian
Xom
Yredelemnul
Zin
The Shining One
Beogh
Jiyva
Lugonu

Shops:
D *[%??*?*:[((!!!


Innate Abilities, Weirdness & Mutations

You reflexively headbutt those who attack you in melee.
You have a pair of horns on your head.
You have sharp fingernails.
You have large cloven feet.
You are mostly covered in rugged brown scales. (AC +2, +5% HP)
You are covered in thick fur. (AC +2)
You expend magic power (3 MP) to strengthen your wands.


Message History

Unknown command.
Unknown command.
Unknown command.
Unknown command.
Unknown command.
You see here a +0 spear.
The ancient lich is engulfed in freezing vapours. x2
You block the ancient lich's attack.
You chop the ancient lich into pieces!!!!
The ancient lich is severely damaged.
The ancient lich is engulfed in freezing vapours.
The ancient lich casts a spell at you. You resist with almost no effort.
You carve the ancient lich like a ham!!!
You destroy the ancient lich!
Qazlal accepts your kill.
Your Evocations skill increases to level 23!
You have reached level 25!
You barely miss the ancient lich. The orb of destruction hits you!!!!
You die...

##....≈## ##∩.)§.°∩##
#∩≈....§°°# #_≈≈[§≈§§°#
#_≈.≈§≈§.°# #_)≈....§○#
###°°○..○.[○### #°○≈≈°○L..§≈.⌠#
######○8).°.○@§(≈8≈######
##∩__≈)≈≈≈)(###))≈..._._∩##
###∩...≈≈..§8[# #.8.)..≈...∩###
#..)...≈≈..≈≈.###...≈..)≈≈.((.##
⌠.)....≈.≈≈###0.L###.≈.(.≈)(..)#
⌠....≈.[.≈≈# #)..# #[).[≈[[.(.⌠#
⌠.[≈..)..).###...###).[.≈.....⌠#
#.....≈≈≈≈).)[###[[........[..##
###∩)≈....()8.# #.8(.(.....∩###


You could see an ancient lich.

Vanquished Creatures
  Dissolution (D)
  Khufu (D)
  Mara (D)
  Asmodeus (D)
  Gloorx Vloq (D)
  Tiamat (D)
  An orb of fire (D)
  20 ancient liches (D)
  8 greater mummies (D)
  A Killer Klown (D)
  Agnes (D)
  5 Brimstone Fiends (D)
  10 liches (D)
  3 Tzitzimimeh (D)
  4 Ice Fiends (D)
  4 Hell Sentinels (D)
  5 Orb Guardians (D)
  5 pandemonium lords (D)
  3 Executioners (D)
  3 death cobs (D)
  6 sphinxes (D)
  A thorn hunter (D)
  6 nagarajas (D)
  A cacodemon (D)
  A merfolk avatar (D)
  2 orc warlords (D)
  2 ghost moths (D)
  6 reapers (D)
  2 stone giants (D)
  A black draconian (D)
  A dire elephant (D)
  A lorocyproca (D)
  14 green deaths (D)
  3 death oozes (D)
  4 naga warriors (D)
  2 deep elf death magi (D)
  2 great orbs of eyes (D)
  16 hell beasts (D)
  A spriggan air mage (D)
  2 vault guards (D)
  An anaconda (D)
  A death knight (D)
  19 centaur warriors (D)
  3 two-headed ogres (D)
  2 death yaks (D)
  3 hell hogs (D)
  3 orc high priests (D)
  A spriggan berserker (D)
  A spriggan (D)
  2 iron trolls (D)
  2 hell knights (D)
  A shadow demon (D)
  15 death drakes (D)
  A sea snake (D)
  A harpy (D)
  Pikel (D)
  5 orc sorcerers (D)
  A salamander (shapeshifter) (D)
  2 fauns (D)
  An orb spider (shapeshifter) (D)
  A manticore (D)
  10 ugly things (D)
  6 moths of wrath (D)
  3 oklob plants (D)
  4 shining eyes (D)
  2 guardian serpents (shapeshifter) (D)
  A black mamba (D)
  An eye of devastation (D)
  A guardian serpent (D)
  An orange demon (D)
  A rust devil (D)
  2 naga magi (D)
  7 hellions (D)
  7 hellwings (D)
  3 dryads (D)
  2 red devils (D)
  3 merfolk (D)
  An ice devil (D)
  A guardian mummy (D)
  8 queen bees (D)
  A jumping spider (shapeshifter) (D)
  A hornet (D)
  A wind drake (shapeshifter) (D)
  A queen bee (shapeshifter) (D)
  4 wind drakes (D)
  4 bog bodies (D)
  Sigmund (D)
  A snapping turtle (D)
  A ynoxinul (D)
  A tarantella (shapeshifter) (D)
  3 chaos spawn (D)
  A fire bat (shapeshifter) (D)
  3 golden eyes (D)
  11 vampire mosquitoes (D)
  12 neqoxecs (D)
  A soldier ant (shapeshifter) (D)
  3 floating eyes (D)
  A black bear (D)
  5 necrophages (D)
  4 eyes of draining (D)
  4 ogres (D)
  2 wolves (D)
  A centaur (D)
  8 killer bees (D)
  A crimson imp (D)
  An orc wizard (D)
  A quasit (D)
  An iron imp (D)
  Jessica (D)
  2 adder zombies (D)
  2 adder skeletons (D)
  A ball lightning (D)
  3 goblins (D)
  A hobgoblin (D)
  9 kobolds (D)
  A leopard gecko skeleton (D)
  6 briar patches (D)
  3 butterflies (D)
392 creatures vanquished.

Vanquished Creatures (others)
  An Ice Fiend (D)
  An eldritch tentacle (D)
  A pandemonium lord (D)
  23 ball lightnings (D)
  A briar patch (D)
27 creatures vanquished.

Grand Total: 419 creatures vanquished

Notes
Turn   | Place    | Note
-------+----------+-------------------------------------------
     0 | D        | nuthulu the Minotaur Fighter began the quest for the Orb.
     0 | D        | Reached XP level 1. HP: 19/19 MP: 0/0
     2 | D        | Found a corrupted altar of Lugonu.
     2 | D        | Found a blossoming altar of Fedhas.
     3 | D        | Found a basalt altar of Yredelemnul.
     3 | D        | Found a radiant altar of Vehumet.
     4 | D        | Found a snail-covered altar of Cheibriados.
     4 | D        | Found a hide-covered altar of Uskayaw.
     5 | D        | Found Faxevupn's Do-It-Yourself Clinic.
     5 | D        | Found a stormy altar of Qazlal.
     5 | D        | Found Jeuled's Distillery.
     5 | D        | Round 1.
     6 | D        | Found Wuseluergh's Bottled Wisdom.
     6 | D        | Found Yzxi's Distillery.
     9 | D        | Found a viscous altar of Jiyva.
    10 | D        | Found a bloodstained altar of Trog.
    13 | D        | Became a worshipper of Qazlal Stormbringer
    16 | D        | Found a shimmering altar of Xom.
    16 | D        | Found Wather's Staff Store.
    17 | D        | Found Ewod's Must-Have Magic.
    17 | D        | Found Bigom's Magic Scroll Shop.
    18 | D        | Found a sacrificial altar of Ru.
    18 | D        | Found an ornate altar of the Wu Jian Council.
    18 | D        | Found an iron altar of Okawaru.
    18 | D        | Found Qitu's Magic Scroll Shop.
    21 | D        | Noticed Sigmund
    23 | D        | Found an opulent altar of Gozag.
    24 | D        | Found a burning altar of Makhleb.
    25 | D        | Found Lufaj's Delicious Food.
    25 | D        | Found a deep blue altar of Sif Muna.
    25 | D        | Found a roughly hewn altar of Beogh.
    25 | D        | Found a glowing silver altar of Zin.
    25 | D        | Found Kosasum's Identification Station.
    28 | D        | Killed Sigmund
    28 | D        | Reached XP level 2. HP: 7/26 MP: 1/1
    28 | D        | Reached XP level 3. HP: 9/31 MP: 2/2
    28 | D        | Reached XP level 4. HP: 11/39 MP: 3/3
    28 | D        | Reached XP level 5. HP: 13/45 MP: 4/4
    30 | D        | Found Yschub's Jewellery.
    30 | D        | Found Fuiket's Advanced Armour.
    38 | D        | Bought a brightly glowing amethyst amulet for 45 gold
                  | pieces
    38 | D        | Bought a fine platinum ring for 45 gold pieces
    38 | D        | Bought a flickering pewter ring for 45 gold pieces
    38 | D        | Identified the amulet "Niulud" {Acrobat *Drain Str+6} (You
                  | bought it in a shop in the Dungeon)
    39 | D        | Identified the ring of Jalatrao {rCorr MR+ Str+5 Dex-2}
                  | (You bought it in a shop in the Dungeon)
    40 | D        | Identified the ring "Tuukk" {-Tele rElec Str+2 SInv Stlth+}
                  | (You bought it in a shop in the Dungeon)
    46 | D        | Noticed Jessica
    50 | D        | Found a shadowy altar of Dithmenos.
    55 | D        | Killed Jessica
    55 | D        | Reached skill level 10 in Shields
    56 | D        | Found an ancient bone altar of Kikubaaqudgha.
    58 | D        | Found Zotewkei's Premium Goods.
    75 | D        | Found Sutut's Miscellaneous Merchandise.
    75 | D        | Found Hijig's Basic Armour.
    76 | D        | Reached * piety under Qazlal
    78 | D        | Found a glowing golden altar of the Shining One.
    78 | D        | Found Dunutid's Weapon Rack.
   100 | D        | Reached skill level 10 in Axes
   142 | D        | Arena points: 12 (+12) [x2]
   192 | D        | Round 2.
   192 | D        | Noticed Pikel
   201 | D        | Killed Pikel
   201 | D        | Reached ** piety under Qazlal
   201 | D        | Reached XP level 6. HP: 32/51 MP: 5/5
   201 | D        | Reached XP level 7. HP: 35/57 MP: 6/6
   233 | D        | Reached *** piety under Qazlal
   233 | D        | Arena points: 54 (+42) [x3]
   269 | D        | Round 3.
   376 | D        | Reached **** piety under Qazlal
   398 | D        | Arena points: 138 (+84) [x4]
   469 | D        | Round 4.
   474 | D        | Noticed a two-headed ogre
   482 | D        | Killed a two-headed ogre
   482 | D        | Reached skill level 15 in Axes
   482 | D        | Reached skill level 15 in Shields
   482 | D        | Reached XP level 8. HP: 4/64 MP: 7/7
   583 | D        | Reached ***** piety under Qazlal
   583 | D        | Reached skill level 1 in Invocations
   588 | D        | Noticed a two-headed ogre
   601 | D        | Killed a two-headed ogre
   601 | D        | Reached skill level 5 in Invocations
   601 | D        | Reached XP level 9. HP: 50/70 MP: 8/12
   640 | D        | Noticed a two-headed ogre
   647 | D        | Killed a two-headed ogre
   647 | D        | Arena points: 298 (+160) [x5]
   663 | D        | Bought an encrusted cloak for 332 gold pieces
   668 | D        | Identified the +1 cloak of the Secret Spirits {rN+ MR++}
                  | (You bought it in a shop in the Dungeon)
   695 | D        | Round 5.
   707 | D        | Noticed a naga warlord
   716 | D        | Noticed a naga mage
   716 | D        | Noticed a naga sharpshooter
   722 | D        | Killed a naga warlord
   722 | D        | Arena points: 578 (+280) [x7]
   725 | D        | Got a serpentine rune of Zot
   726 | D        | Reached XP level 10. HP: 66/96 MP: 9/16
   727 | D        | Got a pair of heavily runed boots
   733 | D        | Identified the +1 pair of boots of the Dice {rF+ rC+++}
                  | (You found it in the Dungeon)
   736 | D        | Bought a pair of polished gloves for 332 gold pieces
   741 | D        | Identified the +1 pair of gloves "Fykadit" {rF+ Str+3} (You
                  | bought it in a shop in the Dungeon)
   937 | D        | Round 6.
   938 | D        | Noticed a sea snake
   955 | D        | Killed a sea snake
   955 | D        | Reached skill level 10 in Invocations
   955 | D        | Reached XP level 11. HP: 57/105 MP: 17/17
   976 | D        | Noticed a harpy
   988 | D        | Killed a harpy
   988 | D        | Reached ****** piety under Qazlal
  1026 | D        | Arena points: 1010 (+432) [x8]
  1044 | D        | Bought 3 potions of heal wounds for 105 gold pieces
  1044 | D        | Bought 3 potions of heal wounds for 105 gold pieces
  1070 | D        | Round 7.
  1118 | D        | Bought 2 rations for 40 gold pieces
  1118 | D        | Bought 2 rations for 40 gold pieces
  1164 | D        | Arena points: 1640 (+630) [x9]
  1164 | D        | Reached skill level 15 in Fighting
  1191 | D        | Bought a polished hat for 315 gold pieces
  1196 | D        | Identified the cursed +0 hat of Lorphu Donn {Str+3} (You
                  | bought it in a shop in the Dungeon)
  1204 | D        | Round 8.
  1260 | D        | Arena points: 2440 (+800) [x10]
  1280 | D        | Bought a +0 broad axe for 120 gold pieces
  1290 | D        | Round 9.
  1290 | D        | Noticed a red ugly thing
  1290 | D        | Noticed a purple ugly thing
  1294 | D        | Noticed a red ugly thing
  1295 | D        | Noticed a white ugly thing
  1296 | D        | Killed a purple ugly thing
  1304 | D        | Killed a red ugly thing
  1304 | D        | Reached skill level 5 in Armour
  1310 | D        | Killed a red ugly thing
  1312 | D        | Killed a red ugly thing
  1318 | D        | Noticed a red ugly thing
  1319 | D        | Noticed a white ugly thing
  1320 | D        | Noticed a brown ugly thing
  1320 | D        | Noticed a green ugly thing
  1321 | D        | Noticed a red ugly thing
  1322 | D        | Noticed a purple ugly thing
  1329 | D        | Killed a white ugly thing
  1331 | D        | Killed a white ugly thing
  1334 | D        | Killed a red ugly thing
  1335 | D        | Killed a purple ugly thing
  1338 | D        | Killed a brown ugly thing
  1339 | D        | Killed a white ugly thing
  1339 | D        | Arena points: 3529 (+1089) [x11]
  1339 | D        | Reached XP level 12. HP: 54/125 MP: 12/20
  1354 | D        | Bought a scroll of brand weapon for 200 gold pieces
  1372 | D        | Round 10.
  1389 | D        | Noticed a dimme
  1401 | D        | Killed a dimme
  1401 | D        | Arena points: 4829 (+1300) [x13]
  1404 | D        | Got a barnacled rune of Zot
  1409 | D        | Reached XP level 13. HP: 79/133 MP: 2/21
  1413 | D        | Bought +0 gold dragon scales for 960 gold pieces
  1567 | D        | Round 11.
  1569 | D        | Reached skill level 10 in Armour
  1576 | D        | Arena points: 6369 (+1540) [x14]
  1595 | D        | Bought a scroll of brand weapon for 200 gold pieces
  1597 | D        | Bought 4 scrolls of enchant armour for 300 gold pieces
  1638 | D        | Round 12.
  1647 | D        | Arena points: 8349 (+1980) [x15]
  1659 | D        | Bought a brightly glowing shield for 332 gold pieces
  1669 | D        | Identified the +1 shield of Tulips {+Blink rF- Str+6} (You
                  | bought it in a shop in the Dungeon)
  1699 | D        | Bought 4 scrolls of enchant armour for 300 gold pieces
  1724 | D        | Round 13.
  1733 | D        | Reached skill level 5 in Dodging
  1775 | D        | Gained mutation: You are dopey. (Int -2) [a neqoxec]
  1776 | D        | Lost intelligence.
  1776 | D        | Gained mutation: You are very dopey. (Int -4) [a neqoxec]
  1789 | D        | Gained mutation: Your magical capacity is low. (-10% MP) [a
                  | neqoxec]
  1790 | D        | Gained mutation: You tend to lose your temper in combat. [a
                  | neqoxec]
  1792 | D        | Gained mutation: You often lose your temper in combat. [a
                  | neqoxec]
  1796 | D        | Gained mutation: You are frail. (-10% HP) [a neqoxec]
  1850 | D        | Arena points: 10845 (+2496) [x16]
  1860 | D        | Bought 3 potions of mutation for 168 gold pieces
  1860 | D        | Bought 2 potions of mutation for 112 gold pieces
  1860 | D        | Bought a potion of mutation for 56 gold pieces
  1860 | D        | Lost mutation: Your magical capacity is low. (-10% MP)
                  | [potion of mutation]
  1860 | D        | Lost mutation: You often lose your temper in combat.
                  | [potion of mutation]
  1860 | D        | Lost mutation: You are very dopey. (Int -4) [potion of
                  | mutation]
  1860 | D        | Gained mutation: Armour fits poorly on your strangely
                  | shaped body. [potion of mutation]
  1860 | D        | Gained mutation: You can translocate small distances at
                  | will. [potion of mutation]
  1860 | D        | Lost mutation: You are frail. (-10% HP) [potion of
                  | mutation]
  1861 | D        | Lost mutation: You tend to lose your temper in combat.
                  | [potion of mutation]
  1861 | D        | Lost mutation: You are dopey. (Int -2) [potion of mutation]
  1861 | D        | Gained mutation: You are partially covered in molten
                  | scales. (AC +2) [potion of mutation]
  1861 | D        | Gained mutation: You are agile. (Dex +2) [potion of
                  | mutation]
  1862 | D        | Lost mutation: You are partially covered in molten scales.
                  | (AC +2) [potion of mutation]
  1862 | D        | Lost mutation: You are agile. (Dex +2) [potion of mutation]
  1862 | D        | Lost mutation: Armour fits poorly on your strangely shaped
                  | body. [potion of mutation]
  1862 | D        | Lost mutation: You can translocate small distances at will.
                  | [potion of mutation]
  1862 | D        | Gained mutation: You are weak. (Str -2) [potion of
                  | mutation]
  1862 | D        | Gained mutation: You are resistant to hostile enchantments.
                  | (MR+) [potion of mutation]
  1863 | D        | Lost mutation: You are resistant to hostile enchantments.
                  | (MR+) [potion of mutation]
  1863 | D        | Lost mutation: You are weak. (Str -2) [potion of mutation]
  1863 | D        | Gained mutation: Scrolls take you a little longer to read.
                  | [potion of mutation]
  1863 | D        | Gained mutation: You are partially covered in rugged brown
                  | scales. (AC +1, +3% HP) [potion of mutation]
  1863 | D        | Gained mutation: You are agile. (Dex +2) [potion of
                  | mutation]
  1863 | D        | Gained mutation: You are mostly covered in rugged brown
                  | scales. (AC +2, +5% HP) [potion of mutation]
  1894 | D        | Round 14.
  2047 | D        | Arena points: 13463 (+2618) [x17]
  2071 | D        | Bought 8 scrolls of enchant weapon for 600 gold pieces
  2072 | D        | Bought 4 scrolls of enchant armour for 300 gold pieces
  2093 | D        | Round 15.
  2114 | D        | Noticed Agnes
  2118 | D        | Reached skill level 15 in Armour
  2140 | D        | Noticed a dire elephant
  2152 | D        | Killed Agnes
  2152 | D        | Arena points: 16598 (+3135) [x19]
  2152 | D        | Reached skill level 10 in Dodging
  2155 | D        | Got a mossy rune of Zot
  2156 | D        | Reached XP level 14. HP: 154/154 MP: 22/22
  2190 | D        | Bought a brightly glowing large shield for 332 gold pieces
  2191 | D        | Bought 3 scrolls of identify for 150 gold pieces
  2193 | D        | Identified the +1 large shield "Vuosy" {+Fly rPois} (You
                  | bought it in a shop in the Dungeon)
  2366 | D        | Round 16.
  2469 | D        | Arena points: 21398 (+4800) [x20]
  2485 | D        | Bought 8 scrolls of enchant weapon for 600 gold pieces
  2488 | D        | Bought 4 scrolls of enchant armour for 300 gold pieces
  2539 | D        | Round 17.
  2541 | D        | Noticed an Executioner
  2542 | D        | Noticed a cacodemon
  2542 | D        | Gained mutation: Scrolls take you longer to read. [a
                  | neqoxec]
  2544 | D        | Killed a cacodemon
  2549 | D        | Killed an Executioner
  2558 | D        | Arena points: 25682 (+4284) [x21]
  2585 | D        | Bought a potion of heal wounds for 35 gold pieces
  2610 | D        | Round 18.
  2621 | D        | Reached skill level 10 in Unarmed Combat
  2684 | D        | Noticed a thorn hunter
  2694 | D        | Killed a thorn hunter
  2694 | D        | Reached XP level 15. HP: 164/164 MP: 23/23
  2780 | D        | Arena points: 32414 (+6732) [x22]
  2807 | D        | Round 19.
  2808 | D        | Noticed a death cob
  2816 | D        | Killed a death cob
  2825 | D        | Noticed a death cob
  2838 | D        | Killed a death cob
  2841 | D        | Noticed a death cob
  2847 | D        | Killed a death cob
  2889 | D        | Arena points: 37658 (+5244) [x23]
  2965 | D        | Round 20.
  2965 | D        | Noticed Dissolution
  2985 | D        | Killed Dissolution
  2985 | D        | Arena points: 43658 (+6000) [x25]
  2985 | D        | Reached XP level 16. HP: 145/180 MP: 12/24
  2988 | D        | Got a slimy rune of Zot
  2991 | D        | Reached XP level 17. HP: 155/189 MP: 13/25
  3154 | D        | Round 21.
  3289 | D        | Arena points: 51302 (+7644) [x26]
  3346 | D        | Round 22.
  3351 | D        | Noticed a lich
  3355 | D        | Noticed a lich
  3359 | D        | Killed a lich
  3361 | D        | Killed a lich
  3363 | D        | Noticed an ancient lich
  3364 | D        | Noticed an ancient lich
  3364 | D        | Noticed an ancient lich
  3364 | D        | Noticed a lich
  3364 | D        | Noticed a lich
  3365 | D        | Noticed a lich
  3366 | D        | Noticed a lich
  3369 | D        | Killed a lich
  3369 | D        | Reached skill level 15 in Invocations
  3369 | D        | Noticed a lich
  3373 | D        | Killed an ancient lich
  3374 | D        | Noticed a lich
  3375 | D        | Killed a lich
  3377 | D        | Killed an ancient lich
  3379 | D        | Killed a lich
  3379 | D        | Reached skill level 27 in Shields
  3379 | D        | Noticed a lich
  3379 | D        | Noticed a lich
  3380 | D        | Killed a lich
  3383 | D        | Killed a lich
  3387 | D        | Killed a lich
  3389 | D        | Killed an ancient lich
  3389 | D        | Killed a lich
  3391 | D        | Killed a lich
  3391 | D        | Arena points: 59618 (+8316) [x27]
  3439 | D        | Round 23.
  3480 | D        | Reached XP level 18. HP: 196/208 MP: 28/30
  3528 | D        | Reached skill level 27 in Fighting
  3556 | D        | Arena points: 72498 (+12880) [x28]
  3556 | D        | Reached skill level 15 in Dodging
  3587 | D        | Bought a quad damage for 400 gold pieces
  3587 | D        | Bought a quad damage for 400 gold pieces
  3587 | D        | Bought a quad damage for 400 gold pieces
  3597 | D        | Round 24.
  3759 | D        | Arena points: 86418 (+13920) [x29]
  3803 | D        | Round 25.
  3804 | D        | Noticed Mara
  3808 | D        | Noticed nuthulu's illusion
  3844 | D        | Reached skill level 27 in Armour
  3878 | D        | Killed Mara
  3878 | D        | Arena points: 97268 (+10850) [x31]
  3881 | D        | Got a silver rune of Zot
  4087 | D        | Round 26.
  4230 | D        | Arena points: 110580 (+13312) [x32]
  4279 | D        | Round 27.
  4283 | D        | Noticed an ancient lich
  4298 | D        | Killed an ancient lich
  4305 | D        | Noticed an ancient lich
  4305 | D        | Noticed an ancient lich
  4311 | D        | Killed an ancient lich
  4311 | D        | Identified the +4 dragonskin cloak
  4311 | D        | Noticed Tiamat
  4317 | D        | Killed an ancient lich
  4328 | D        | Noticed an Orb Guardian
  4338 | D        | Noticed an Orb Guardian
  4343 | D        | Killed an Orb Guardian
  4345 | D        | Killed Tiamat
  4345 | D        | Reached XP level 19. HP: 211/217 MP: 28/34
  4368 | D        | Noticed a Killer Klown
  4390 | D        | Killed a Killer Klown
  4413 | D        | Noticed an orb of fire
  4415 | D        | Lost mutation: Scrolls take you longer to read. [an orb of
                  | fire]
  4416 | D        | Gained mutation: You are frail. (-10% HP) [an orb of fire]
  4427 | D        | Gained mutation: Your body sometimes deteriorates upon
                  | taking damage. [an orb of fire]
  4428 | D        | Gained mutation: You are very frail. (-20% HP) [an orb of
                  | fire]
  4436 | D        | Gained mutation: You are weak. (Str -2) [an orb of fire]
  4437 | D        | Gained mutation: You are dopey. (Int -2) [an orb of fire]
  4438 | D        | Gained mutation: Your spells are a little harder to cast,
                  | but a little more powerful. [an orb of fire]
  4439 | D        | Killed an orb of fire
  4439 | D        | Arena points: 123945 (+13365) [x33]
  4455 | D        | Bought 3 potions of mutation for 168 gold pieces
  4455 | D        | Bought 2 potions of mutation for 112 gold pieces
  4455 | D        | Bought a potion of mutation for 56 gold pieces
  4455 | D        | Lost mutation: You are agile. (Dex +2) [potion of mutation]
  4455 | D        | Lost mutation: Scrolls take you a little longer to read.
                  | [potion of mutation]
  4455 | D        | Lost mutation: You are dopey. (Int -2) [potion of mutation]
  4455 | D        | Gained mutation: You expend magic power (3 MP) to
                  | strengthen your wands. [potion of mutation]
  4455 | D        | Gained mutation: You are partially covered in large bone
                  | plates. (SH +4) [potion of mutation]
  4456 | D        | Lost mutation: Your body sometimes deteriorates upon taking
                  | damage. [potion of mutation]
  4456 | D        | Lost mutation: You expend magic power (3 MP) to strengthen
                  | your wands. [potion of mutation]
  4456 | D        | Lost mutation: Your spells are a little harder to cast, but
                  | a little more powerful. [potion of mutation]
  4456 | D        | Gained mutation: You are extremely frail. (-30% HP) [potion
                  | of mutation]
  4456 | D        | Gained mutation: You are covered in fur. (AC +1) [potion of
                  | mutation]
  4456 | D        | Gained mutation: Your flesh is cold resistant. (rC+)
                  | [potion of mutation]
  4457 | D        | Lost mutation: You are weak. (Str -2) [potion of mutation]
  4457 | D        | Lost mutation: Your flesh is cold resistant. (rC+) [potion
                  | of mutation]
  4457 | D        | Lost mutation: You are extremely frail. (-30% HP) [potion
                  | of mutation]
  4457 | D        | Lost mutation: You are very frail. (-20% HP) [potion of
                  | mutation]
  4457 | D        | Gained mutation: Scrolls take you a little longer to read.
                  | [potion of mutation]
  4457 | D        | Gained mutation: Your flesh is heat resistant. (rF+)
                  | [potion of mutation]
  4458 | D        | Lost mutation: Your flesh is heat resistant. (rF+) [potion
                  | of mutation]
  4458 | D        | Lost mutation: You are partially covered in large bone
                  | plates. (SH +4) [potion of mutation]
  4458 | D        | Lost mutation: You are frail. (-10% HP) [potion of
                  | mutation]
  4458 | D        | Lost mutation: Scrolls take you a little longer to read.
                  | [potion of mutation]
  4458 | D        | Gained mutation: You are dopey. (Int -2) [potion of
                  | mutation]
  4458 | D        | Gained mutation: You are covered in thick fur. (AC +2)
                  | [potion of mutation]
  4648 | D        | Round 28.
  4649 | D        | Noticed a greater mummy
  4649 | D        | Noticed a greater mummy
  4652 | D        | Killed a greater mummy
  4663 | D        | Killed a greater mummy
  4684 | D        | Bought 3 potions of heal wounds for 105 gold pieces
  4684 | D        | Bought 3 potions of heal wounds for 105 gold pieces
  4684 | D        | Bought 3 potions of heal wounds for 105 gold pieces
  4684 | D        | Bought 3 potions of heal wounds for 105 gold pieces
  4684 | D        | Bought 4 potions of curing for 84 gold pieces
  4684 | D        | Bought 4 potions of curing for 84 gold pieces
  4684 | D        | Bought 4 potions of curing for 84 gold pieces
  4684 | D        | Bought 4 potions of curing for 84 gold pieces
  4694 | D        | Reached XP level 20. HP: 144/226 MP: 16/36
  4694 | D        | Noticed a greater mummy
  4711 | D        | Killed a greater mummy
  4718 | D        | Noticed a greater mummy
  4721 | D        | Noticed a greater mummy
  4729 | D        | Killed a greater mummy
  4730 | D        | Noticed a greater mummy
  4736 | D        | Noticed a greater mummy
  4738 | D        | Killed a greater mummy
  4738 | D        | Reached skill level 27 in Axes
  4738 | D        | Reached skill level 27 in Invocations
  4738 | D        | Killed a greater mummy
  4738 | D        | Reached skill level 27 in Dodging
  4742 | D        | Reached skill level 5 in Evocations
  4742 | D        | Killed a greater mummy
  4742 | D        | Reached skill level 5 in Throwing
  4744 | D        | Noticed a greater mummy
  4747 | D        | Killed a greater mummy
  4747 | D        | Arena points: 142033 (+18088) [x34]
  4768 | D        | Bought 4 potions of curing for 84 gold pieces
  4768 | D        | Bought 3 potions of heal wounds for 105 gold pieces
  4768 | D        | Bought 3 potions of heal wounds for 105 gold pieces
  4768 | D        | Bought 3 potions of heal wounds for 105 gold pieces
  4768 | D        | Bought 3 potions of heal wounds for 105 gold pieces
  4768 | D        | Bought 3 potions of heal wounds for 105 gold pieces
  4819 | D        | Round 29.
  4822 | D        | Gained mutation: You occasionally shout uncontrollably at
                  | your foes. [a shining eye]
  4822 | D        | Paralysed by a floating eye for 2 turns
  4825 | D        | Reached skill level 5 in Spellcasting
  4831 | D        | Gained mutation: You are very dopey. (Int -4) [a shining
                  | eye]
  4840 | D        | Paralysed by a floating eye for 3 turns
  4854 | D        | Gained mutation: You tend to lose your temper in combat. [a
                  | shining eye]
  4866 | D        | Reached XP level 21. HP: 168/235 MP: 8/37
  4869 | D        | Lost mutation: You are very dopey. (Int -4) [potion of
                  | mutation]
  4869 | D        | Lost mutation: You are dopey. (Int -2) [potion of mutation]
  4869 | D        | Lost mutation: You tend to lose your temper in combat.
                  | [potion of mutation]
  4869 | D        | Gained mutation: You expend magic power (3 MP) to
                  | strengthen your wands. [potion of mutation]
  4869 | D        | Gained mutation: Your magical capacity is low. (-10% MP)
                  | [potion of mutation]
  4869 | D        | Gained mutation: You have sharp fingernails. [potion of
                  | mutation]
  4869 | D        | Gained mutation: You have large cloven feet. [potion of
                  | mutation]
  4870 | D        | Lost mutation: You occasionally shout uncontrollably at
                  | your foes. [potion of mutation]
  4870 | D        | Lost mutation: Your magical capacity is low. (-10% MP)
                  | [potion of mutation]
  4870 | D        | Gained mutation: You are clumsy. (Dex -2) [potion of
                  | mutation]
  4870 | D        | Lost mutation: You are clumsy. (Dex -2) [potion of
                  | mutation]
  4870 | D        | Gained mutation: You are robust. (+10% HP) [potion of
                  | mutation]
  4880 | D        | Arena points: 160303 (+18270) [x35]
  4895 | D        | Round 30.
  4902 | D        | Noticed Gloorx Vloq
  4927 | D        | Killed Gloorx Vloq
  4927 | D        | Arena points: 178063 (+17760) [x37]
  4930 | D        | Got a dark rune of Zot
  4931 | D        | Reached skill level 10 in Throwing
  4931 | D        | Reached skill level 10 in Evocations
  4931 | D        | Reached XP level 22. HP: 151/267 MP: 17/38
  4941 | D        | Bought 6 potions of resistance for 420 gold pieces
  4941 | D        | Bought 6 potions of might for 168 gold pieces
  4941 | D        | Bought 6 potions of agility for 168 gold pieces
  4941 | D        | Bought 4 potions of haste for 280 gold pieces
  4941 | D        | Bought 3 potions of haste for 210 gold pieces
  4950 | D        | Bought 3 potions of heal wounds for 105 gold pieces
  5136 | D        | Round 31.
  5141 | D        | Bought 2 rations for 40 gold pieces
  5141 | D        | Bought 2 rations for 40 gold pieces
  5141 | D        | Bought 2 rations for 40 gold pieces
  5141 | D        | Bought 2 rations for 40 gold pieces
  5141 | D        | Bought 2 rations for 40 gold pieces
  5141 | D        | Bought 2 rations for 40 gold pieces
  5141 | D        | Bought 2 rations for 40 gold pieces
  5148 | D        | Reached skill level 10 in Stealth
  5169 | D        | Reached skill level 10 in Spellcasting
  5181 | D        | Arena points: 201623 (+23560) [x38]
  5222 | D        | Round 32.
  5282 | D        | Reached skill level 15 in Throwing
  5310 | D        | Lost mutation: You are robust. (+10% HP) [a neqoxec]
  5320 | D        | Bought 6 potions of magic for 336 gold pieces
  5320 | D        | Bought a potion of heal wounds for 35 gold pieces
  5374 | D        | Arena points: 222839 (+21216) [x39]
  5426 | D        | Round 33.
  5430 | D        | Noticed Khufu
  5453 | D        | Killed Khufu
  5453 | D        | Arena points: 245840 (+23001) [x41]
  5453 | D        | Reached skill level 15 in Stealth
  5453 | D        | Reached skill level 15 in Evocations
  5456 | D        | Reached XP level 23. HP: 142/252 MP: 34/39
  5464 | D        | Got a golden rune of Zot
  5658 | D        | Round 34.
  5812 | D        | Arena points: 272972 (+27132) [x42]
  5858 | D        | Bought a flickering ruby amulet for 45 gold pieces
  5858 | D        | Bought a smoking iron amulet for 45 gold pieces
  5858 | D        | Bought a slimy ivory amulet for 45 gold pieces
  5864 | D        | Round 35.
  5865 | D        | Bought 3 scrolls of identify for 150 gold pieces
  5865 | D        | Identified the amulet of Liatyiv {Reflect Str+7 SH+3} (You
                  | bought it in a shop in the Dungeon)
  5866 | D        | Identified the amulet "Gioveck" {Gourm Fragile rElec MR+
                  | SInv} (You bought it in a shop in the Dungeon)
  5867 | D        | Identified the amulet "Zaewubykh" {Spirit Str+3 Int+4} (You
                  | bought it in a shop in the Dungeon)
  5874 | D        | Noticed Atwiuthy the pandemonium lord
  5875 | D        | Noticed Udet Ype the pandemonium lord
  5888 | D        | Killed Atwiuthy the pandemonium lord
  5894 | D        | Killed Udet Ype the pandemonium lord
  5907 | D        | Noticed Xaff the pandemonium lord
  5924 | D        | Killed Xaff the pandemonium lord
  5924 | D        | Noticed Dofin the pandemonium lord
  5936 | D        | Killed Dofin the pandemonium lord
  5949 | D        | Noticed Atem the pandemonium lord
  5949 | D        | Noticed Estel the pandemonium lord
  5965 | D        | Killed Atem the pandemonium lord
  5965 | D        | Reached XP level 24. HP: 53/261 MP: 39/39
  5969 | D        | Killed Estel the pandemonium lord
  5969 | D        | Arena points: 300062 (+27090) [x43]
  6035 | D        | Round 36.
  6043 | D        | Identified the +7 sceptre of Asmodeus
  6043 | D        | Noticed Asmodeus
  6073 | D        | Killed Asmodeus
  6073 | D        | Arena points: 329222 (+29160) [x45]
  6076 | D        | Got an obsidian rune of Zot
  6277 | D        | Round 37.
  6368 | D        | Reached skill level 15 in Spellcasting
  6388 | D        | Arena points: 378580 (+49358) [x46]
  6439 | D        | Round 38.
  6446 | D        | Noticed an ancient lich
  6447 | D        | Noticed an ancient lich
  6451 | D        | Noticed an ancient lich
  6453 | D        | Noticed an ancient lich
  6457 | D        | Killed an ancient lich
  6458 | D        | Killed an ancient lich
  6458 | D        | Killed an ancient lich
  6458 | D        | Noticed an ancient lich
  6461 | D        | Killed an ancient lich
  6462 | D        | Noticed an ancient lich
  6465 | D        | Killed an ancient lich
  6465 | D        | Killed an ancient lich
  6465 | D        | Reached skill level 27 in Unarmed Combat
  6468 | D        | Noticed an ancient lich
  6472 | D        | Noticed an ancient lich
  6479 | D        | Killed an ancient lich
  6481 | D        | Killed an ancient lich
  6495 | D        | Noticed an ancient lich
  6500 | D        | Noticed an ancient lich
  6501 | D        | Noticed an ancient lich
  6503 | D        | Noticed an ancient lich
  6504 | D        | Killed an ancient lich
  6504 | D        | Killed an ancient lich
  6505 | D        | Killed an ancient lich
  6505 | D        | Noticed an ancient lich
  6507 | D        | Noticed an ancient lich
  6517 | D        | Noticed an ancient lich
  6520 | D        | Killed an ancient lich
  6520 | D        | Killed an ancient lich
  6524 | D        | Killed an ancient lich
  6524 | D        | Reached XP level 25. HP: 124/269 MP: 2/44
  6524 | D        | Blown up by an ancient lich

Skill      XL: |  1  2  3  4  5  6  7  8  9 10 11 12 13 14 15 16 17 18 19 20 21 22 23 24 |
---------------+-------------------------------------------------------------------------+-----
Axes           | 9 13 15 16 18 22 25 27 | 27.0
Shields        | 9 13 15 17 23 27 | 27.0
Invocations    | 5 9 10 13 18 24 26 27 | 27.0
Fighting       | 11 12 17 19 20 23 26 27 | 27.0
Armour         | 8 9 17 18 21 25 27 | 27.0
Dodging        | 4 10 13 22 25 27 | 27.0
Unarmed Combat | 6 11 16 18 19 22 24 27 | 27.0
Evocations     | 3 8 10 15 17 23 | 23.1
Throwing       | 8 10 16 18 24 | 24.5
Stealth        | 7 9 15 17 22 | 22.9
Spellcasting   | 5 7 12 13 18 | 18.6

Action                   |  1- 3 |  4- 6 |  7- 9 | 10-12 | 13-15 | 16-18 | 19-21 | 22-24 | 25-27 || total
-------------------------+-------+-------+-------+-------+-------+-------+-------+-------+-------++-------
Melee: War axe           |     1 |    15 |    51 |    84 |       |       |       |       |       ||   151
       Headbutt          |     1 |     3 |    11 |    25 |    76 |    79 |    42 |   109 |       ||   346
       Broad axe         |       |       |       |    29 |   217 |   277 |   113 |   306 |       ||   942
Invok: Elemental Force   |       |       |     1 |     1 |       |       |       |       |       ||     2
       Disaster Area     |       |       |       |     3 |     5 |     6 |    10 |    18 |       ||    42
Evoke: Wand              |       |       |     2 |       |       |       |       |       |       ||     2
       Quad damage       |       |       |       |       |       |       |       |     1 |       ||     1
  Use: Potion            |     2 |       |     5 |     4 |     5 |     1 |    25 |    22 |       ||    64
       Scroll            |       |       |       |     1 |    23 |     4 |       |     5 |       ||    33
 Stab: Distracted        |       |       |     1 |       |       |       |       |       |       ||     1
  Eat: Ration            |       |       |       |     1 |     1 |     2 |       |     2 |       ||     6
Armor: Scale mail        |       |       |     3 |    13 |       |       |       |       |       ||    16
       Gold dragon scale |       |       |       |       |    68 |    34 |    18 |    36 |       ||   156
Dodge: Dodged            |       |     3 |     5 |    26 |    29 |    64 |    43 |    66 |       ||   236
       Deflected         |       |       |     1 |     1 |       |    14 |     2 |     5 |       ||    23
Block: Shield            |       |     7 |    38 |   124 |    73 |       |       |       |       ||   242
       Large shield      |       |       |       |       |   127 |   459 |   154 |   281 |       ||  1021
       Reflection        |       |       |       |       |       |       |       |     9 |       ||     9
